 Dungeon Crawl Stone Soup version 0.18.1-47-g9310371 (webtiles) character file.

3659 sarahorange the Thaumaturge (level 9, -3/48 HPs)
             Began as a Deep Elf Conjurer on June 21, 2016.
             Was a Believer of Vehumet.
             Slain by a vampire mosquito (7 damage)
             ... on level 8 of the Dungeon on June 22, 2016.
             The game lasted 01:25:02 (10043 turns).

sarahorange the Thaumaturge (Deep Elf Conjurer)    Turns: 10043, Time: 01:25:03

Health: -3/48      AC:  7    Str:  7    XL:     9   Next: 89%
Magic:  9/26       EV: 10    Int: 22    God:    Vehumet [**....]
Gold:   385        SH:  0    Dex: 15    Spells: 6 memorised, 15 levels left

rFire  + . .     SeeInvis .     D - +4 quarterstaff
rCold  . . .     Gourm    .     a - +1 robe
rNeg   . . .     Faith    +     (shield currently unavailable)
rPois  .         Spirit   .     (no helmet)
rElec  .         Dismiss  .     C - +1 cloak
rCorr  .         Reflect  .     (no gloves)
SustAt .         Harm     .     p - +1 pair of boots (curse)
MR     +....                    s - amulet of faith
Stlth  +++.......               H - ring of protection from magic
                                r - ring of protection from fire

@: very slightly contaminated, somewhat resistant to hostile enchantments,
fairly stealthy
A: no striking features
a: Renounce Religion


You were on level 8 of the Dungeon.
You worshipped Vehumet.
Vehumet was pleased with you.
You were not hungry.

You visited 2 branches of the dungeon, and saw 9 of its levels.
You also visited: Sewer.

You collected 385 gold pieces.

Inventory:

Hand Weapons
 k - a +4 quarterstaff of chaos
 B - a +3 dagger of electrocution
 D - a +4 quarterstaff (weapon)
Missiles
 d - 267 stones
 j - 5 steel tomahawks (quivered)
 A - 4 tomahawks
 F - 4 javelins of returning
Armour
 a - a +1 robe (worn)
 p - a cursed +1 pair of boots (worn)
 x - a +0 cloak
 C - a +1 cloak (worn)
Jewellery
 r - a ring of protection from fire (left hand)
 s - an amulet of faith (around neck)
 H - a ring of protection from magic (right hand)
Wands
 y - a wand of iceblast (7/15)
 z - a wand of polymorph (16/24)
Scrolls
 e - 2 scrolls of magic mapping
 l - a scroll of enchant armour
 q - 2 scrolls of recharging
 v - a scroll of enchant weapon
 w - a scroll of blinking {unknown}
 E - 2 scrolls of fear
 J - a scroll of teleportation {unknown}
 K - a scroll of random uselessness {unknown}
Potions
 f - a potion of mutation
 i - 3 potions of flight
 m - 4 potions of curing
 n - a potion of haste
 o - 2 potions of degeneration {unknown}
 t - 2 potions of brilliance {unknown}
 u - 2 potions of magic {unknown}
Books
 b - a book of Conjurations

   Spells                             Type                      Level
   a - Magic Dart                     Conjuration                  1
   b - Searing Ray                    Conjuration                  2
   c - Dazzling Spray                 Conjuration/Hexes            3
   d - Fulminant Prism                Conjuration/Hexes            4
   e - Iskenderun's Mystic Blast      Conjuration                  4
   f - Iskenderun's Battlesphere      Conjuration/Charms           5
Comestibles
 c - 8 bread rations
 g - 5 beef jerkies
 G - 6 chunks of flesh


   Skills:
 + Level 1.7 Fighting
 + Level 2.0 Throwing
 + Level 5.6 Dodging
 + Level 5.0 Stealth
 + Level 0.1 Unarmed Combat
 + Level 11.4 Spellcasting
 + Level 10.8 Conjurations
 + Level 1.1 Charms


You had 15 spell levels left.
You knew the following spells:

 Your Spells              Type           Power        Failure   Level  Hunger
a - Magic Dart            Conj           ####         1%          1    None
b - Searing Ray           Conj           ######       1%          2    None
c - Iskenderun's Mystic   Conj           ######..     1%          4    None
d - Iskenderun's Battles  Conj/Chrm      #####...     14%         5    ####...
e - Shock                 Conj/Air       ####         1%          1    None
f - Throw Flame           Conj/Fire      #####.       1%          2    None


Dungeon Overview and Level Annotations

Branches:
Dungeon (8/15)             Temple (1/1) D:7
   Lair: D:8-11

Altars:
Ashenzari
Cheibriados
Dithmenos
Elyvilon
Gozag
Kikubaaqudgha
Makhleb
Nemelex Xobeh
Okawaru
Pakellas
Qazlal
Ru
Sif Muna
Trog
Vehumet
Xom
Zin
The Shining One

Annotations:
D:4 juanjsm's ghost, amateur OpTm
D:8 Grum


Message History

* * * LOW HITPOINT WARNING * * *
The vampire mosquito draws strength from your injuries!
Found 3 fruits.
Your extra speed is starting to run out.
The vampire mosquito misses you.
Found a scroll labeled VURROE VAYLEF and a fizzy white potion.
Found a meat ration.
You see here 3 fruits.
The vampire mosquito bites you.
* * * LOW HITPOINT WARNING * * *
The vampire mosquito draws strength from your injuries!
You feel yourself slow down.
The vampire mosquito closely misses you.
The vampire mosquito bites you.
* * * LOW HITPOINT WARNING * * *
The vampire mosquito draws strength from your injuries!
There is a stone staircase leading down, spattered with blood here.
The vampire mosquito closely misses you.
The vampire mosquito bites you!
You die...

.######.#.######....#
..........# ##.#.#
<######.### #.#.# .#
#.# #.#.# Z# ##.#
#.#.# y# #..# ####
#.#.# .# #<## #..
.....# .# #.#
#.#####.#..#
.#####.####.#yyy@....#
.......%..Z...###.##.#
######.##.........#
......#.####..#
#.%........ .#
#.###..#.#.# .# ..
#....?... .. ##.
#..#.#.#.### #
.....!.#..


You could see 3 vampire mosquitoes and a wyvern skeleton.

Vanquished Creatures
  Joseph (D:7)
  A hippogriff (D:7)
  2 sky beasts
  An orc warrior (D:8)
  3 ogres
  An ice beast (D:6)
  2 wolves (D:8)
  A centaur (D:5)
  3 big kobolds (Sewer)
  Blork the orc (D:5)
  8 giant frogs
  3 scorpions
  A water moccasin skeleton (D:5)
  3 wights (D:6)
  3 howler monkeys
  3 crimson imps
  3 orc wizards
  4 orc priests
  2 giant frog skeletons
  3 hounds
  2 jellies
  Crazy Yiuf (D:5)
  3 iguanas
  6 worker ants
  A hound skeleton (D:4)
  4 gnolls (D:6)
  A howler monkey skeleton (D:8)
  15 adders
  2 river rats (Sewer)
  A shadow imp (D:5)
  3 oozes
  2 adder zombies (D:5)
  2 adder skeletons
  7 worms
  2 dart slugs
  8 giant geckos
  21 orcs
  2 bats
  6 giant cockroaches
  5 hobgoblins
  4 quokkas
  2 ball pythons
  A giant gecko zombie (D:7)
  3 giant newts
  3 goblins
  13 kobolds
  A quokka skeleton (D:6)
  6 rats
176 creatures vanquished.

Notes
Turn   | Place    | Note
--------------------------------------------------------------
     0 | D:1      | sarahorange the Deep Elf Conjurer began the quest for the Orb.
     0 | D:1      | Reached XP level 1. HP: 10/10 MP: 6/6
   483 | D:1      | Reached XP level 2. HP: 15/15 MP: 6/8
   487 | D:1      | Learned a level 2 spell: Searing Ray
   681 | D:2      | Reached skill level 5 in Conjurations
  1021 | D:1      | Reached XP level 3. HP: 19/19 MP: 4/9
  1688 | D:3      | Reached XP level 4. HP: 24/24 MP: 5/11
  1694 | D:3      | Learned a level 4 spell: Iskenderun's Mystic Blast
  1860 | D:3      | Found a glowing drain.
  1865 | Sewer    | Entered a sewer
  2175 | Sewer    | Noticed a big kobold
  2177 | Sewer    | Noticed a big kobold
  2179 | Sewer    | Killed a big kobold
  2179 | Sewer    | Reached skill level 1 in Throwing
  2179 | Sewer    | Reached skill level 4 in Spellcasting
  2179 | Sewer    | Reached XP level 5. HP: 28/28 MP: 3/13
  2496 | Sewer    | Reached skill level 5 in Spellcasting
  2597 | Sewer    | Reached XP level 6. HP: 28/32 MP: 7/15
  3258 | D:3      | Found a faded altar to an unknown god.
  3450 | D:3      | Gained mutation: You are partially covered in icy blue scales (AC +1). [potion of mutation]
  3450 | D:3      | Gained mutation: You are dopey. (Int -2) [potion of mutation]
  3450 | D:3      | Gained mutation: Your spells are a little harder to cast, but a little more powerful. [potion of mutation]
  3453 | D:3      | Lost mutation: You are partially covered in icy blue scales (AC +1). [potion of cure mutation]
  3453 | D:3      | Lost mutation: Your spells are a little harder to cast, but a little more powerful. [potion of cure mutation]
  3516 | D:4      | Learned a level 5 spell: Iskenderun's Battlesphere
  3534 | D:4      | Noticed juanjsm's ghost (amateur OpTm)
  3732 | D:4      | Reached skill level 6 in Spellcasting
  4224 | D:4      | Reached XP level 7. HP: 35/37 MP: 12/18
  4413 | D:5      | Entered Level 5 of the Dungeon
  5013 | D:5      | Reached XP level 8. HP: 42/42 MP: 4/20
  5169 | D:5      | Reached skill level 7 in Spellcasting
  5623 | D:5      | Found a radiant altar of Vehumet.
  5641 | D:5      | Became a worshipper of Vehumet
  5784 | D:5      | Noticed Blork the orc
  5959 | D:5      | Killed Blork the orc
  6606 | D:5      | Reached skill level 8 in Spellcasting
  6632 | D:5      | Noticed Crazy Yiuf
  6636 | D:5      | Killed Crazy Yiuf
  6720 | D:6      | Lost mutation: You are dopey. (Int -2) [potion of cure mutation]
  6803 | D:6      | Reached skill level 1 in Fighting
  7058 | D:6      | Reached skill level 9 in Spellcasting
  7219 | D:6      | Reached XP level 9. HP: 47/47 MP: 20/24
  7299 | D:6      | Reached * piety under Vehumet
  7299 | D:6      | Offered knowledge of Shock by Vehumet.
  7299 | D:6      | Reached skill level 5 in Dodging
  7302 | D:6      | Learned a level 1 spell: Shock
  7526 | D:6      | Found a glowing silver altar of Zin.
  7537 | D:6      | Found a stormy altar of Qazlal.
  7866 | D:6      | Found an opulent altar of Gozag.
  7907 | D:6      | Reached skill level 10 in Conjurations
  8311 | D:6      | Reached skill level 10 in Spellcasting
  8603 | D:7      | Noticed Joseph
  8612 | D:7      | Killed Joseph
  8715 | D:7      | Found a bloodstained altar of Trog.
  8760 | D:7      | Found a staircase to the Ecumenical Temple.
  8767 | Temple   | Entered the Ecumenical Temple
  9068 | D:7      | Found a shadowy altar of Dithmenos.
  9122 | D:7      | Found a shattered altar of Ashenzari.
  9839 | D:8      | Reached skill level 11 in Spellcasting
  9842 | D:8      | Reached skill level 5 in Stealth
  9879 | D:8      | Offered knowledge of Throw Flame by Vehumet.
  9880 | D:8      | Reached ** piety under Vehumet
  9939 | D:8      | Learned a level 2 spell: Throw Flame
  9978 | D:8      | Noticed Grum
  9987 | D:8      | Reached skill level 1 in Charms
 10043 | D:8      | Slain by a vampire mosquito

Skill      XL: |  1  2  3  4  5  6  7  8  9 |
---------------+----------------------------+-----
Conjurations   | 5 6 8 9 10 | 10.8
Throwing       | 1 2 |  2.0
Dodging        | 3 4 5 |  5.6
Stealth        | 3 4 5 |  5.0
Spellcasting   | 4 5 6 9 11 | 11.4
Fighting       | 1 |  1.7
Charms         | 1 |  1.1
Unarmed Combat | |  0.1

Action                   |  1- 3 |  4- 6 |  7- 9 || total
-------------------------+-------+-------+-------++-------
Melee: Unarmed           |       |     6 |       ||     6
       Dagger            |       |       |     7 ||     7
       Quarterstaff      |       |       |     1 ||     1
Throw: Stone             |    21 |     6 |       ||    27
       Javelin           |       |       |     4 ||     4
       Tomahawk          |       |       |     2 ||     2
 Cast: Magic Dart        |    69 |   105 |   108 ||   282
       Searing Ray       |     4 |    19 |    64 ||    87
       Iskenderun's Myst |       |     1 |    38 ||    39
       Shock             |       |       |     2 ||     2
       Iskenderun's Batt |       |       |     2 ||     2
  Use: Scroll            |       |     9 |     8 ||    17
       Potion            |       |     5 |     4 ||     9
  Eat: Chunk             |     2 |     3 |     7 ||    12
       Meat ration       |       |     1 |     2 ||     3
       Fruit             |       |     1 |       ||     1
       Pizza             |       |       |     2 ||     2
       Bread ration      |       |       |     1 ||     1
Armor: Robe              |       |     3 |    11 ||    14
Dodge: Dodged            |     6 |    30 |    63 ||    99
